Rangers vs Canucks
Created - May 30, 2017 at 21:30
Goals
|
Rangers |
1 |
1 |
0 |
2 |
Canucks |
1 |
2 |
1 |
4 |
|
Shots
|
Rangers |
4 |
9 |
19 |
32 |
Canucks |
14 |
13 |
12 |
39 |
|
1st period
1. Canucks , Patrick Eaves 1 (Alex Goligoski 1, Milan Michalek 1) at 12:11 (PP)
2. Rangers , Darren Reid 1 (Ryan Suter 1, Artem Anisimov 1) at 14:51
Penalties :
Jakob Silfverberg (NYR) for High sticking (Minor) at 4:00, Patrice Bergeron (NYR) for Charging (Minor) at 7:15, Jakob Silfverberg (NYR) for Holding (Minor) at 11:57, Nick Pryor (Van) for Roughing (Minor) at 18:10
2nd period
3. Canucks , Mike Ribeiro 1 (Maxim Afinogenov 1, Alex Goligoski 2) at 1:09
4. Canucks , Jiri Hudler 1 (Nikolai Zherdev 1, Sami Lepisto 1) at 5:54 (PP)
5. Rangers , Cam Barker 1 (Patrice Bergeron 1, Milan Lucic 1) at 16:37 (PP)
Penalties :
James Neal (NYR) for Holding (Minor) at 4:49, Matt Stajan (Van) for Roughing (Minor) at 16:32
3rd period
6. Canucks , Maxim Afinogenov 1 (Nikolai Zherdev 2, Jiri Hudler 1) at 5:39 (PP)
Penalties :
Nick Pryor (Van) for Hooking (Minor) at 0:37, Matt Greene (NYR) for Roughing (Minor) at 4:53, Henrik Lundqvist (NYR) for Slashing (Minor) at 5:11 - Milan Lucic served the penalty, Alex Tanguay (Van) for Hooking (Minor) at 7:47, James Neal (NYR) for Hooking (Minor) at 18:04
Goalie Stats
Henrik Lundqvist (NYR), 35 saves from 39 shots - (0.897), L, 0-1-0, 60:00 minutes
Brent Krahn (Van), 30 saves from 32 shots - (0.938), W, 1-0-0, 60:00 minutes
Players Stats for Rangers
Player Name G A P +/- PIM S H SB GA TA FO MP PP MP PK MP
------------------------------------------------------------------------------------
Artem Anisimov 0 1 1 1 0 1 0 0 0 0 1/6 12:20 3:07 0:00
Bryan Young 0 0 0 -1 0 2 1 0 0 1 0/0 10:24 0:00 0:00
Cam Barker 1 0 1 0 0 4 0 3 0 0 0/0 29:23 2:55 6:06
Chris Bourque 0 0 0 0 0 1 0 0 0 0 0/0 9:00 0:07 1:41
Darren Reid 1 0 1 1 0 3 2 0 0 0 0/1 9:27 0:36 0:00
Jakob Silfverberg 0 0 0 -1 4 4 0 0 1 1 0/0 16:53 3:23 0:00
James Neal 0 0 0 0 4 2 3 0 0 0 1/3 19:26 3:41 0:00
Mark Fistric 0 0 0 0 0 2 1 0 0 0 0/0 29:52 3:07 6:06
Matt Greene 0 0 0 1 2 2 3 1 0 0 0/0 16:34 0:00 3:23
Matt Read 0 0 0 1 0 0 2 0 0 1 1/1 10:15 1:24 0:00
Mike Cammalleri 0 0 0 -1 0 1 2 0 0 0 0/1 17:21 2:14 2:20
Milan Lucic 0 1 1 0 0 1 3 2 2 0 3/8 24:01 3:41 4:31
Nathan Gerbe 0 0 0 0 0 3 0 0 0 0 0/0 6:53 0:00 0:00
Patrice Bergeron 0 1 1 0 2 2 3 0 1 1 11/27 23:27 3:41 4:20
Ryan Suter 0 1 1 1 0 1 0 4 0 0 0/0 13:57 0:00 0:00
Staffan Kronwall 0 0 0 -1 0 1 1 0 0 0 0/0 13:02 0:00 3:23
Stephen Weiss 0 0 0 -1 0 1 2 1 0 0 5/9 18:11 2:14 3:09
Valtteri Filppula 0 0 0 0 0 1 1 0 0 0 3/6 9:31 0:00 2:29
Players Stats for Canucks
Player Name G A P +/- PIM S H SB GA TA FO MP PP MP PK MP
------------------------------------------------------------------------------------
Alex Goligoski 0 2 2 1 0 4 2 0 1 2 0/0 22:43 5:11 3:42
Alex Tanguay 0 0 0 0 2 2 3 1 0 0 0/0 14:17 0:01 0:34
Ben Lovejoy 0 0 0 0 0 1 0 3 0 0 0/0 19:59 0:00 3:42
Bobby Butler 0 0 0 0 0 1 1 1 0 0 0/2 15:02 0:00 0:00
Brendon Nash 0 0 0 0 0 4 0 1 0 1 0/0 15:16 4:18 0:00
Clarke MacArthur 0 0 0 -1 0 0 1 0 0 0 0/0 14:06 3:38 1:07
Jiri Hudler 1 1 2 0 0 1 0 2 0 0 1/1 12:07 5:51 0:00
Martin St. Louis 0 0 0 0 0 2 0 0 0 0 0/2 7:24 0:00 1:20
Matt Stajan 0 0 0 0 2 0 3 0 1 0 6/11 14:19 0:01 1:43
Maxim Afinogenov 1 1 2 0 0 6 3 0 0 0 6/14 20:00 5:50 3:35
Maxim Lapierre 0 0 0 0 0 3 0 1 1 0 14/20 15:24 0:00 0:10
Mike Ribeiro 1 0 1 0 0 3 0 0 0 0 7/8 14:06 0:00 3:35
Milan Michalek 0 1 1 0 0 2 0 0 0 0 0/0 9:42 3:38 0:00
Nick Pryor 0 0 0 1 4 1 2 1 0 0 0/0 22:40 5:11 0:00
Nikolai Zherdev 0 2 2 0 0 4 3 0 0 0 1/2 18:22 5:50 0:00
Patrick Eaves 1 0 1 0 0 2 1 0 1 0 2/2 17:45 3:38 0:00
Ryan Parent 0 0 0 -1 0 1 1 2 0 0 0/0 15:33 0:00 2:20
Sami Lepisto 0 1 1 0 0 2 1 2 0 1 0/0 25:09 4:18 2:20
3 Stars
1 - Maxim Afinogenov (Van)
2 - Jiri Hudler (Van)
3 - Darren Reid (NYR)
Power Play
Rangers - 1 on 4 Attempt(s) - 25.00%
Canucks - 3 on 7 Attempt(s) - 42.86%
Penalty Kill
Rangers - 4 on 7 Attempt(s) - 57.14%
- Score 0 goal in Penalty Kill
Canucks - 3 on 4 Attempt(s) - 75.00%
- Score 0 goal in Penalty Kill
Team Stat
Rangers - Hits : 24 - Faceoff Wins : 25 - Blocked Shots : 11 - Penalty Minutes : 14
Canucks - Hits : 21 - Faceoff Wins : 37 - Blocked Shots : 14 - Penalty Minutes : 8
Official
Referees : Walsh Ian and StLaurent Francois
Linesman : Steve Barton and Scott Cherrey
Game Notes
No Game Note
Finance
Level 1 -- Attendance: 5710 (95.17%) -- Ticket Income $491,060
Level 2 -- Attendance: 5000 (100.00%) -- Ticket Income $245,000
Level 3 -- Attendance: 2000 (100.00%) -- Ticket Income $60,000
Level 4 -- Attendance: 4000 (100.00%) -- Ticket Income $68,000
Luxury Box -- Attendance: 1000 (100.00%) -- Ticket Income $100,000
Game was played at the Budweiser Coliseum.
Total Attendance: 17710 (98.39%)
Total Ticket Income: $964,060
Other Income: $144,609
Total Income: $1,108,669
Rangers
5 vs 5 Forward
Center Left Wing Right Wing Time % Phy DF OF
1 Patrice Bergeron Milan Lucic James Neal 40 1 2 2
2 Stephen Weiss Mike Cammalleri Jakob Silfverberg 30 1 2 2
3 Artem Anisimov Matt Read Darren Reid 20 1 2 2
4 Valtteri Filppula Nathan Gerbe Chris Bourque 10 1 2 2
5 vs 5 Defense
Defense Defense Time % Phy DF OF
1 Cam Barker Mark Fistric 40 1 2 2
2 Matt Greene Ryan Suter 30 1 2 2
3 Staffan Kronwall Bryan Young 20 1 2 2
4 Cam Barker Mark Fistric 10 1 2 2
PowerPlay Forward
Center Left Wing Right Wing Time % Phy DF OF
1 Patrice Bergeron Milan Lucic James Neal 60 1 2 2
2 Stephen Weiss Mike Cammalleri Jakob Silfverberg 40 1 2 2
PowerPlay Defense
Defense Defense Time % Phy DF OF
1 Cam Barker Jakob Silfverberg 60 1 2 2
2 Mark Fistric Artem Anisimov 40 1 2 2
Penalty Kill 4 Players Forward
Center Wing Time % Phy DF OF
1 Milan Lucic Patrice Bergeron 60 1 2 2
2 Stephen Weiss Mike Cammalleri 40 1 2 2
Penalty Kill 4 Players Defense
Defense Defense Time % Phy DF OF
1 Cam Barker Mark Fistric 60 1 2 2
2 Matt Greene Staffan Kronwall 40 1 2 2
Penalty Kill - 3 Players Forward
Forward Time % Phy DF OF
1 Milan Lucic 60 1 2 2
2 Patrice Bergeron 40 1 2 2
Penalty Kill - 3 Players Defense
Defense Defense Time % Phy DF OF
1 Cam Barker Mark Fistric 60 1 2 2
2 Matt Greene Staffan Kronwall 40 1 2 2
4 vs 4 Forward
Center Wing Time % Phy DF OF
1 Milan Lucic Patrice Bergeron 60 1 2 2
2 Stephen Weiss Mike Cammalleri 40 1 2 2
4 vs 4 Defense
Defense Defense Time % Phy DF OF
1 Cam Barker Mark Fistric 60 1 2 2
2 Matt Greene Ryan Suter 40 1 2 2
Last Minutes Offensive
Center Left Wing Right Wing Defense Defense
Patrice Bergeron Milan Lucic Darren Reid Cam Barker Mark Fistric
Last Minutes Defensive
Center Left Wing Right Wing Defense Defense
Patrice Bergeron Milan Lucic Darren Reid Cam Barker Mark Fistric
Goaltenders
Starting : Henrik Lundqvist
Backup : Hannu Toivonen
Extra Forwards
Normal : Jakob Silfverberg, Matt Read, Valtteri Filppula - PP : Jakob Silfverberg, Matt Read - PK : Valtteri Filppula
Extra Defensemen
Normal : Ryan Suter, Bryan Young, Matt Greene - PP : Ryan Suter - PK : Bryan Young, Matt Greene
Penalty Shots
Milan Lucic, Patrice Bergeron, Stephen Weiss, Mike Cammalleri, Darren Reid
Scratches
Alexei Emelin (Healthy)
Canucks
5 vs 5 Forward
Center Left Wing Right Wing Time % Phy DF OF
1 Maxim Lapierre Bobby Butler Patrick Eaves 40 1 2 2
2 Matt Stajan Alex Tanguay Nikolai Zherdev 30 1 2 2
3 Mike Ribeiro Clarke MacArthur Maxim Afinogenov 20 1 2 2
4 Martin St. Louis Milan Michalek Jiri Hudler 10 1 2 2
5 vs 5 Defense
Defense Defense Time % Phy DF OF
1 Nick Pryor Sami Lepisto 40 1 2 2
2 Ryan Parent Ben Lovejoy 30 1 2 2
3 Brendon Nash Alex Goligoski 20 1 2 2
4 Alex Goligoski Ben Lovejoy 10 1 2 2
PowerPlay Forward
Center Left Wing Right Wing Time % Phy DF OF
1 Maxim Afinogenov Nikolai Zherdev Jiri Hudler 60 1 2 2
2 Patrick Eaves Clarke MacArthur Milan Michalek 40 1 2 2
PowerPlay Defense
Defense Defense Time % Phy DF OF
1 Nick Pryor Alex Goligoski 60 1 2 2
2 Sami Lepisto Brendon Nash 40 1 2 2
Penalty Kill 4 Players Forward
Center Wing Time % Phy DF OF
1 Maxim Afinogenov Mike Ribeiro 60 1 2 2
2 Martin St. Louis Matt Stajan 40 1 2 2
Penalty Kill 4 Players Defense
Defense Defense Time % Phy DF OF
1 Alex Goligoski Ben Lovejoy 60 1 2 2
2 Ryan Parent Sami Lepisto 40 1 2 2
Penalty Kill - 3 Players Forward
Forward Time % Phy DF OF
1 Maxim Afinogenov 60 1 2 2
2 Mike Ribeiro 40 1 2 2
Penalty Kill - 3 Players Defense
Defense Defense Time % Phy DF OF
1 Alex Goligoski Ben Lovejoy 60 1 2 2
2 Ryan Parent Sami Lepisto 40 1 2 2
4 vs 4 Forward
Center Wing Time % Phy DF OF
1 Maxim Afinogenov Mike Ribeiro 60 1 2 2
2 Martin St. Louis Matt Stajan 40 1 2 2
4 vs 4 Defense
Defense Defense Time % Phy DF OF
1 Alex Goligoski Ben Lovejoy 60 1 2 2
2 Ryan Parent Sami Lepisto 40 1 2 2
Last Minutes Offensive
Center Left Wing Right Wing Defense Defense
Mike Ribeiro Milan Michalek Maxim Afinogenov Alex Goligoski Ben Lovejoy
Last Minutes Defensive
Center Left Wing Right Wing Defense Defense
Mike Ribeiro Milan Michalek Maxim Afinogenov Alex Goligoski Ben Lovejoy
Goaltenders
Starting : Brent Krahn
Backup : Carey Price
Extra Forwards
Normal : Patrick Eaves, Jiri Hudler, Alex Tanguay - PP : Patrick Eaves, Jiri Hudler - PK : Alex Tanguay
Extra Defensemen
Normal : Brendon Nash, Nick Pryor, Ryan Parent - PP : Brendon Nash - PK : Nick Pryor, Ryan Parent
Penalty Shots
Maxim Afinogenov, Mike Ribeiro, Martin St. Louis, Matt Stajan, Milan Michalek
Scratches
Doug Janik (Healthy), Tom Poti (Lacerated Left Calf Injury)
% Time on Ice - Rangers
Lines # - Real PCT - Wanted PCT - Time Play
Normal Forward
1 - 36% - 40% - 16:07
2 - 29% - 30% - 12:47
3 - 20% - 20% - 8:42
4 - 15% - 10% - 6:53
Normal Defense
1 - 42% - 40% - 18:39
2 - 33% - 30% - 14:37
3 - 21% - 20% - 9:30
4 - 4% - 10% - 1:43
PP Forward
1 - 63% - 60% - 3:48
2 - 37% - 40% - 2:14
PP Defense
1 - 48% - 60% - 2:55
2 - 52% - 40% - 3:07
PK Forward
1 - 74% - 60% - 6:41
2 - 26% - 40% - 2:20
PK Defense
1 - 62% - 60% - 5:38
2 - 38% - 40% - 3:23
PK3 Forward
1 - 100% - 60% - 0:28
2 - 0% - 40% - 0:00
PK3 Defense
1 - 100% - 60% - 0:28
2 - 0% - 40% - 0:00
44 Forward
1 - 0% - 60%
2 - 0% - 40%
44 Defense
1 - 0% - 60%
2 - 0% - 40%
Last Minute Offensive - 0:00
Last Minute Defensive - 0:00
Total
Forward - 60:00
Defense - 60:00
|
% Time on Ice - Canucks
Lines # - Real PCT - Wanted PCT - Time Play
Normal Forward
1 - 38% - 40% - 16:48
2 - 28% - 30% - 12:28
3 - 21% - 20% - 9:09
4 - 14% - 10% - 6:04
Normal Defense
1 - 39% - 40% - 17:09
2 - 33% - 30% - 14:30
3 - 22% - 20% - 9:41
4 - 7% - 10% - 3:09
PP Forward
1 - 62% - 60% - 5:51
2 - 38% - 40% - 3:38
PP Defense
1 - 55% - 60% - 5:11
2 - 45% - 40% - 4:18
PK Forward
1 - 78% - 60% - 4:42
2 - 22% - 40% - 1:20
PK Defense
1 - 61% - 60% - 3:42
2 - 39% - 40% - 2:20
PK3 Forward
1 - 0% - 60%
2 - 0% - 40%
PK3 Defense
1 - 0% - 60%
2 - 0% - 40%
44 Forward
1 - 0% - 60%
2 - 0% - 40%
44 Defense
1 - 0% - 60%
2 - 0% - 40%
Last Minute Offensive - 0:00
Last Minute Defensive - 0:00
Total
Forward - 60:00
Defense - 60:00
|
Play by Play
1st period
0:01 of 1st period - Maxim Lapierre wins face-off versus Milan Lucic in neutral zone.
0:27 of 1st period - Nikolai Zherdev is hit by Stephen Weiss and loses puck.
1:56 of 1st period - Snap shot by Mike Cammalleri.
1:56 of 1st period - Shot Misses the Net.
2:00 of 1st period - Wrist shot by Mike Cammalleri.
2:00 of 1st period - Shot Misses the Net.
2:02 of 1st period - Slapshot by Bryan Young.
2:02 of 1st period - Stopped by Brent Krahn with a rebound.
2:04 of 1st period - Slapshot by Staffan Kronwall.
2:04 of 1st period - Shot Blocked by Ryan Parent.
2:18 of 1st period - Slapshot by Maxim Afinogenov.
2:18 of 1st period - Stopped by Henrik Lundqvist with a rebound.
2:31 of 1st period - Icing by Maxim Afinogenov.
2:32 of 1st period - Maxim Afinogenov wins face-off versus Patrice Bergeron in Canucks zone.
2:43 of 1st period - Wrist shot by Patrice Bergeron.
2:43 of 1st period - Shot Blocked by Ryan Parent.
3:25 of 1st period - Backhand shot by Mike Ribeiro.
3:25 of 1st period - Stopped by Henrik Lundqvist with a rebound.
3:27 of 1st period - Slapshot by Ben Lovejoy.
3:27 of 1st period - Shot Misses the Net.
3:29 of 1st period - Slapshot by Ryan Parent.
3:29 of 1st period - Shot Blocked by Ryan Suter.
3:31 of 1st period - Snap shot by Ben Lovejoy.
3:31 of 1st period - Stopped by Henrik Lundqvist without a rebound.
3:32 of 1st period - Maxim Lapierre wins face-off versus Patrice Bergeron in Rangers zone.
3:37 of 1st period - Snap shot by Maxim Lapierre.
3:37 of 1st period - Shot Misses the Net.
3:39 of 1st period - Slapshot by Alex Goligoski.
3:39 of 1st period - Stopped by Henrik Lundqvist with a rebound.
3:41 of 1st period - Snap shot by Maxim Lapierre.
3:41 of 1st period - Shot Misses the Net.
3:43 of 1st period - Wrist shot by Maxim Lapierre.
3:43 of 1st period - Stopped by Henrik Lundqvist with a rebound.
3:45 of 1st period - Wrist shot by Alex Goligoski.
3:45 of 1st period - Deflect By Patrice Bergeron.
3:45 of 1st period - Stopped by Henrik Lundqvist with a rebound.
4:00 of 1st period - Minor Penalty to Jakob Silfverberg for High sticking.
4:01 of 1st period - Milan Lucic wins face-off versus Maxim Afinogenov in Rangers zone.
5:35 of 1st period - Alex Goligoski is hit by Mike Cammalleri and loses puck.
6:00 of 1st period - Penalty to Jakob Silfverberg is over, Jakob Silfverberg is back on ice.
6:40 of 1st period - Wrist shot by Maxim Lapierre.
6:40 of 1st period - Shot Blocked by Ryan Suter.
7:02 of 1st period - Backhand shot by Darren Reid.
7:02 of 1st period - Deflect By Artem Anisimov.
7:02 of 1st period - Stopped by Brent Krahn without a rebound.
7:03 of 1st period - Mike Ribeiro wins face-off versus Patrice Bergeron in Canucks zone.
7:15 of 1st period - Minor Penalty to Patrice Bergeron for Charging.
7:16 of 1st period - Milan Lucic wins face-off versus Maxim Afinogenov in Rangers zone.
7:42 of 1st period - Slapshot by Milan Michalek.
7:42 of 1st period - Shot Blocked by Cam Barker.
7:44 of 1st period - Slapshot by Brendon Nash.
7:44 of 1st period - Stopped by Henrik Lundqvist with a rebound.
7:46 of 1st period - Snap shot by Alex Goligoski.
7:46 of 1st period - Shot Blocked by Cam Barker.
7:48 of 1st period - Wrist shot by Brendon Nash.
7:48 of 1st period - Stopped by Henrik Lundqvist with a rebound.
7:50 of 1st period - Wrist shot by Clarke MacArthur.
7:50 of 1st period - Shot Blocked by Milan Lucic.
7:52 of 1st period - Slapshot by Sami Lepisto.
7:52 of 1st period - Deflect By Mark Fistric.
7:52 of 1st period - Stopped by Henrik Lundqvist without a rebound.
7:53 of 1st period - Maxim Afinogenov wins face-off versus Stephen Weiss in Rangers zone.
8:20 of 1st period - Brendon Nash is hit by Matt Greene.
9:03 of 1st period - Patrick Eaves is hit by Stephen Weiss and loses puck.
9:15 of 1st period - Penalty to Patrice Bergeron is over, Patrice Bergeron is back on ice.
9:27 of 1st period - Staffan Kronwall is hit by Patrick Eaves and loses puck.
9:40 of 1st period - Nikolai Zherdev is hit by Bryan Young and loses puck.
9:49 of 1st period - James Neal is hit by Matt Stajan and loses puck.
10:04 of 1st period - Backhand shot by Mike Cammalleri.
10:04 of 1st period - Shot Misses the Net.
10:22 of 1st period - Ben Lovejoy is hit by Valtteri Filppula and loses puck.
11:11 of 1st period - Alex Goligoski is hit by Matt Greene and loses puck.
11:46 of 1st period - Snap shot by Nikolai Zherdev.
11:46 of 1st period - Shot Misses the Net.
11:48 of 1st period - Wrist shot by Nikolai Zherdev.
11:48 of 1st period - Stopped by Henrik Lundqvist without a rebound.
11:49 of 1st period - Maxim Lapierre wins face-off versus Stephen Weiss in Rangers zone.
11:50 of 1st period - Snap shot by Patrick Eaves.
11:50 of 1st period - Shot Misses the Net.
11:52 of 1st period - Slapshot by Maxim Lapierre.
11:52 of 1st period - Stopped by Henrik Lundqvist without a rebound.
11:53 of 1st period - Maxim Lapierre wins face-off versus Mike Cammalleri in Rangers zone.
11:57 of 1st period - Minor Penalty to Jakob Silfverberg for Holding.
11:58 of 1st period - Patrick Eaves wins face-off versus Milan Lucic in Rangers zone.
12:09 of 1st period - Slapshot by Alex Goligoski.
12:09 of 1st period - Shot Misses the Net.
12:11 of 1st period - Slapshot by Patrick Eaves.
12:11 of 1st period - Goal by Patrick Eaves - Rangers : 0 - Canucks : 1.
12:12 of 1st period - Patrice Bergeron wins face-off versus Maxim Lapierre in neutral zone.
12:14 of 1st period - Off-side.
12:15 of 1st period - Maxim Lapierre wins face-off versus Patrice Bergeron in neutral zone.
12:50 of 1st period - Slapshot by Alex Tanguay.
12:50 of 1st period - Stopped by Henrik Lundqvist without a rebound.
12:51 of 1st period - Patrice Bergeron wins face-off versus Maxim Lapierre in Rangers zone.
12:58 of 1st period - Wrist shot by James Neal.
12:58 of 1st period - Shot Misses the Net.
13:17 of 1st period - Clarke MacArthur is hit by Mike Cammalleri.
13:37 of 1st period - Darren Reid is hit by Alex Tanguay and loses puck.
13:44 of 1st period - Darren Reid is hit by Alex Tanguay and loses puck.
14:03 of 1st period - Wrist shot by Jiri Hudler.
14:03 of 1st period - Shot Misses the Net.
14:31 of 1st period - Wrist shot by Maxim Lapierre.
14:31 of 1st period - Shot Misses the Net.
14:47 of 1st period - Snap shot by Artem Anisimov.
14:47 of 1st period - Shot Misses the Net.
14:49 of 1st period - Snap shot by Ryan Suter.
14:49 of 1st period - Shot Misses the Net.
14:51 of 1st period - Snap shot by Darren Reid.
14:51 of 1st period - Deflect By Maxim Afinogenov.
14:51 of 1st period - Goal by Darren Reid - Rangers : 1 - Canucks : 1.
14:52 of 1st period - Maxim Lapierre wins face-off versus Patrice Bergeron in neutral zone.
14:55 of 1st period - Slapshot by Maxim Lapierre.
14:55 of 1st period - Stopped by Henrik Lundqvist with a rebound.
15:18 of 1st period - Alex Tanguay is hit by Matt Greene and loses puck.
16:02 of 1st period - Slapshot by Mark Fistric.
16:02 of 1st period - Shot Misses the Net.
16:34 of 1st period - Slapshot by James Neal.
16:34 of 1st period - Shot Misses the Net.
16:44 of 1st period - Mike Cammalleri is hit by Nikolai Zherdev and loses puck.
16:54 of 1st period - Wrist shot by Alex Tanguay.
16:54 of 1st period - Shot Blocked by Stephen Weiss.
17:22 of 1st period - Wrist shot by Milan Michalek.
17:22 of 1st period - Shot Misses the Net.
17:31 of 1st period - Icing by Jakob Silfverberg.
17:32 of 1st period - Mike Ribeiro wins face-off versus Stephen Weiss in Rangers zone.
17:57 of 1st period - Snap shot by Jakob Silfverberg.
17:57 of 1st period - Stopped by Brent Krahn without a rebound.
17:58 of 1st period - Patrice Bergeron wins face-off versus Matt Stajan in Canucks zone.
18:10 of 1st period - Minor Penalty to Nick Pryor for Roughing.
18:11 of 1st period - Patrice Bergeron wins face-off versus Maxim Afinogenov in Canucks zone.
Goals for this period are 1 for Rangers vs 1 for Canucks.
Shots for this period are 4 for Rangers vs 14 for Canucks.
2nd period
0:01 of 2nd period - Mike Ribeiro wins face-off versus Patrice Bergeron in neutral zone.
0:10 of 2nd period - Penalty to Nick Pryor is over, Nick Pryor is back on ice.
0:10 of 2nd period - Wrist shot by Maxim Afinogenov.
0:10 of 2nd period - Stopped by Henrik Lundqvist with a rebound.
0:32 of 2nd period - Chris Bourque is hit by Maxim Afinogenov and loses puck.
0:49 of 2nd period - Mike Ribeiro is hit by Staffan Kronwall.
1:07 of 2nd period - Wrist shot by Mike Ribeiro.
1:07 of 2nd period - Shot Misses the Net.
1:09 of 2nd period - Slapshot by Mike Ribeiro.
1:09 of 2nd period - Goal by Mike Ribeiro - Rangers : 1 - Canucks : 2.
1:10 of 2nd period - James Neal wins face-off versus Matt Stajan in neutral zone.
1:13 of 2nd period - Snap shot by Nikolai Zherdev.
1:13 of 2nd period - Shot Misses the Net.
1:15 of 2nd period - Slapshot by Brendon Nash.
1:15 of 2nd period - Stopped by Henrik Lundqvist without a rebound.
1:16 of 2nd period - Patrice Bergeron wins face-off versus Matt Stajan in Rangers zone.
1:34 of 2nd period - Patrice Bergeron is hit by Alex Goligoski and loses puck.
1:45 of 2nd period - Snap shot by Matt Stajan.
1:45 of 2nd period - Shot Misses the Net.
1:47 of 2nd period - Wrist shot by Alex Tanguay.
1:47 of 2nd period - Stopped by Henrik Lundqvist without a rebound.
1:48 of 2nd period - Maxim Lapierre wins face-off versus Stephen Weiss in Rangers zone.
2:13 of 2nd period - Mike Cammalleri is hit by Sami Lepisto and loses puck.
2:24 of 2nd period - Snap shot by Milan Michalek.
2:24 of 2nd period - Shot Misses the Net.
2:26 of 2nd period - Snap shot by Nick Pryor.
2:26 of 2nd period - Stopped by Henrik Lundqvist without a rebound.
2:27 of 2nd period - Maxim Lapierre wins face-off versus James Neal in Rangers zone.
2:30 of 2nd period - Slapshot by Maxim Lapierre.
2:30 of 2nd period - Shot Misses the Net.
2:59 of 2nd period - Darren Reid is hit by Clarke MacArthur and loses puck.
3:24 of 2nd period - Wrist shot by Valtteri Filppula.
3:24 of 2nd period - Deflect By Chris Bourque.
3:24 of 2nd period - Shot Blocked by Nick Pryor.
3:24 of 2nd period - Puck is out of play.
3:25 of 2nd period - Patrice Bergeron wins face-off versus Matt Stajan in Canucks zone.
3:28 of 2nd period - Wrist shot by Patrice Bergeron.
3:28 of 2nd period - Stopped by Brent Krahn with a rebound.
3:30 of 2nd period - Wrist shot by Patrice Bergeron.
3:30 of 2nd period - Shot Blocked by Ben Lovejoy.
3:32 of 2nd period - Slapshot by Matt Greene.
3:32 of 2nd period - Stopped by Brent Krahn without a rebound.
3:33 of 2nd period - Matt Stajan wins face-off versus James Neal in Canucks zone.
3:44 of 2nd period - Wrist shot by Nikolai Zherdev.
3:44 of 2nd period - Shot Misses the Net.
4:04 of 2nd period - Wrist shot by Jakob Silfverberg.
4:04 of 2nd period - Shot Misses the Net.
4:18 of 2nd period - Darren Reid is hit by Alex Goligoski.
4:30 of 2nd period - Snap shot by Maxim Afinogenov.
4:30 of 2nd period - Stopped by Henrik Lundqvist with a rebound.
4:32 of 2nd period - Snap shot by Mike Ribeiro.
4:32 of 2nd period - Shot Misses the Net.
4:49 of 2nd period - Minor Penalty to James Neal for Holding.
4:50 of 2nd period - Maxim Afinogenov wins face-off versus Milan Lucic in Rangers zone.
5:36 of 2nd period - Slapshot by Nikolai Zherdev.
5:36 of 2nd period - Shot Misses the Net.
5:54 of 2nd period - Snap shot by Jiri Hudler.
5:54 of 2nd period - Goal by Jiri Hudler - Rangers : 1 - Canucks : 3.
5:55 of 2nd period - Stephen Weiss wins face-off versus Maxim Lapierre in neutral zone.
6:02 of 2nd period - Wrist shot by Jakob Silfverberg.
6:02 of 2nd period - Shot Blocked by Ben Lovejoy.
6:10 of 2nd period - Snap shot by Jakob Silfverberg.
6:10 of 2nd period - Stopped by Brent Krahn with a rebound.
6:20 of 2nd period - Cam Barker is hit by Matt Stajan and loses puck.
6:27 of 2nd period - Ryan Parent is hit by Patrice Bergeron and loses puck.
6:34 of 2nd period - James Neal is hit by Nikolai Zherdev and loses puck.
6:45 of 2nd period - Nick Pryor is hit by Darren Reid and loses puck.
7:05 of 2nd period - Slapshot by Mark Fistric.
7:05 of 2nd period - Stopped by Brent Krahn with a rebound.
7:42 of 2nd period - Snap shot by Stephen Weiss.
7:42 of 2nd period - Shot Blocked by Brendon Nash.
8:21 of 2nd period - Slapshot by Chris Bourque.
8:21 of 2nd period - Shot Blocked by Jiri Hudler.
8:51 of 2nd period - Snap shot by Clarke MacArthur.
8:51 of 2nd period - Deflect By Mike Ribeiro.
8:51 of 2nd period - Stopped by Henrik Lundqvist without a rebound.
8:52 of 2nd period - Mike Ribeiro wins face-off versus Patrice Bergeron in Rangers zone.
8:59 of 2nd period - Slapshot by Clarke MacArthur.
8:59 of 2nd period - Shot Blocked by Milan Lucic.
9:17 of 2nd period - Mike Cammalleri is hit by Bobby Butler and loses puck.
10:04 of 2nd period - Wrist shot by Milan Lucic.
10:04 of 2nd period - Shot Misses the Net.
10:55 of 2nd period - Nikolai Zherdev is hit by Milan Lucic and loses puck.
12:37 of 2nd period - Snap shot by Martin St. Louis.
12:37 of 2nd period - Stopped by Henrik Lundqvist with a rebound.
12:45 of 2nd period - Backhand shot by Martin St. Louis.
12:45 of 2nd period - Shot Misses the Net.
13:08 of 2nd period - Snap shot by Patrice Bergeron.
13:08 of 2nd period - Shot Misses the Net.
13:51 of 2nd period - Slapshot by Nathan Gerbe.
13:51 of 2nd period - Stopped by Brent Krahn with a rebound.
14:05 of 2nd period - Snap shot by Patrice Bergeron.
14:05 of 2nd period - Shot Misses the Net.
14:45 of 2nd period - Artem Anisimov is hit by Ryan Parent.
14:51 of 2nd period - Icing by Ryan Suter.
14:52 of 2nd period - Matt Stajan wins face-off versus Artem Anisimov in Rangers zone.
14:53 of 2nd period - Snap shot by Alex Goligoski.
14:53 of 2nd period - Stopped by Henrik Lundqvist without a rebound.
14:54 of 2nd period - Maxim Lapierre wins face-off versus Patrice Bergeron in Rangers zone.
15:00 of 2nd period - Off-side.
15:01 of 2nd period - Maxim Lapierre wins face-off versus Patrice Bergeron in neutral zone.
15:12 of 2nd period - Wrist shot by Maxim Lapierre.
15:12 of 2nd period - Shot Blocked by Ryan Suter.
15:14 of 2nd period - Wrist shot by Patrick Eaves.
15:14 of 2nd period - Deflect By Milan Lucic.
15:14 of 2nd period - Shot Blocked by Matt Greene.
15:14 of 2nd period - Puck is out of play.
15:15 of 2nd period - Matt Stajan wins face-off versus Patrice Bergeron in Rangers zone.
15:52 of 2nd period - Slapshot by Staffan Kronwall.
15:52 of 2nd period - Deflect By Stephen Weiss.
15:52 of 2nd period - Shot Blocked by Maxim Lapierre.
15:52 of 2nd period - Puck is out of play.
15:53 of 2nd period - Matt Stajan wins face-off versus Patrice Bergeron in Canucks zone.
16:25 of 2nd period - Snap shot by Stephen Weiss.
16:25 of 2nd period - Shot Blocked by Bobby Butler.
16:27 of 2nd period - Wrist shot by Jakob Silfverberg.
16:27 of 2nd period - Shot Misses the Net.
16:29 of 2nd period - Backhand shot by Mark Fistric.
16:29 of 2nd period - Stopped by Brent Krahn without a rebound.
16:30 of 2nd period - Matt Stajan wins face-off versus Artem Anisimov in Canucks zone.
16:32 of 2nd period - Minor Penalty to Matt Stajan for Roughing.
16:33 of 2nd period - Patrice Bergeron wins face-off versus Maxim Afinogenov in Canucks zone.
16:35 of 2nd period - Snap shot by Patrice Bergeron.
16:35 of 2nd period - Stopped by Brent Krahn with a rebound.
16:37 of 2nd period - Wrist shot by Cam Barker.
16:37 of 2nd period - Goal by Cam Barker - Rangers : 2 - Canucks : 3.
16:38 of 2nd period - Maxim Lapierre wins face-off versus Milan Lucic in neutral zone.
17:10 of 2nd period - Snap shot by Nikolai Zherdev.
17:10 of 2nd period - Stopped by Henrik Lundqvist with a rebound.
17:12 of 2nd period - Wrist shot by Ben Lovejoy.
17:12 of 2nd period - Shot Blocked by Cam Barker.
17:14 of 2nd period - Snap shot by Matt Stajan.
17:14 of 2nd period - Shot Misses the Net.
17:25 of 2nd period - Mark Fistric is hit by Maxim Afinogenov and loses puck.
17:28 of 2nd period - Slapshot by Cam Barker.
17:28 of 2nd period - Stopped by Brent Krahn without a rebound.
17:29 of 2nd period - Maxim Lapierre wins face-off versus Artem Anisimov in Canucks zone.
17:40 of 2nd period - Slapshot by Ryan Suter.
17:40 of 2nd period - Shot Misses the Net.
18:00 of 2nd period - Snap shot by Milan Lucic.
18:00 of 2nd period - Shot Misses the Net.
18:02 of 2nd period - Slapshot by Milan Lucic.
18:02 of 2nd period - Shot Blocked by Alex Tanguay.
18:04 of 2nd period - Snap shot by James Neal.
18:04 of 2nd period - Shot Blocked by Sami Lepisto.
18:45 of 2nd period - Valtteri Filppula is hit by Nick Pryor and loses puck.
19:02 of 2nd period - Snap shot by Milan Michalek.
19:02 of 2nd period - Stopped by Henrik Lundqvist with a rebound.
19:04 of 2nd period - Snap shot by Milan Michalek.
19:04 of 2nd period - Stopped by Henrik Lundqvist without a rebound.
19:05 of 2nd period - Patrice Bergeron wins face-off versus Matt Stajan in Rangers zone.
19:16 of 2nd period - Milan Lucic is hit by Matt Stajan and loses puck.
Goals for this period are 1 for Rangers vs 2 for Canucks.
Shots for this period are 9 for Rangers vs 13 for Canucks.
3rd period
0:01 of 3rd period - Patrick Eaves wins face-off versus Patrice Bergeron in neutral zone.
0:37 of 3rd period - Minor Penalty to Nick Pryor for Hooking.
0:38 of 3rd period - Maxim Afinogenov wins face-off versus Patrice Bergeron in Canucks zone.
0:52 of 3rd period - Snap shot by Patrice Bergeron.
0:52 of 3rd period - Deflect By James Neal.
0:52 of 3rd period - Shot Misses the Net.
0:52 of 3rd period - Puck is out of play.
0:53 of 3rd period - Patrice Bergeron wins face-off versus Maxim Afinogenov in Canucks zone.
1:00 of 3rd period - Wrist shot by James Neal.
1:00 of 3rd period - Stopped by Brent Krahn with a rebound.
1:02 of 3rd period - Wrist shot by Milan Lucic.
1:02 of 3rd period - Shot Blocked by Ben Lovejoy.
1:04 of 3rd period - Slapshot by Cam Barker.
1:04 of 3rd period - Stopped by Brent Krahn with a rebound.
1:43 of 3rd period - Slapshot by Stephen Weiss.
1:43 of 3rd period - Stopped by Brent Krahn with a rebound.
1:53 of 3rd period - Snap shot by Stephen Weiss.
1:53 of 3rd period - Shot Misses the Net.
2:15 of 3rd period - Mike Cammalleri is hit by Alex Tanguay and loses puck.
2:30 of 3rd period - James Neal is hit by Maxim Afinogenov and loses puck.
2:37 of 3rd period - Penalty to Nick Pryor is over, Nick Pryor is back on ice.
2:39 of 3rd period - Maxim Afinogenov is hit by Milan Lucic and loses puck.
2:58 of 3rd period - Snap shot by Nathan Gerbe.
2:58 of 3rd period - Stopped by Brent Krahn without a rebound.
2:59 of 3rd period - Valtteri Filppula wins face-off versus Maxim Lapierre in Canucks zone.
3:08 of 3rd period - Wrist shot by Bobby Butler.
3:08 of 3rd period - Stopped by Henrik Lundqvist with a rebound.
3:10 of 3rd period - Slapshot by Brendon Nash.
3:10 of 3rd period - Stopped by Henrik Lundqvist with a rebound.
3:12 of 3rd period - Snap shot by Patrick Eaves.
3:12 of 3rd period - Stopped by Henrik Lundqvist with a rebound.
3:46 of 3rd period - Alex Goligoski is hit by Matt Read and loses puck.
3:54 of 3rd period - Off-side.
3:55 of 3rd period - Maxim Lapierre wins face-off versus Patrice Bergeron in neutral zone.
3:58 of 3rd period - Slapshot by Sami Lepisto.
3:58 of 3rd period - Stopped by Henrik Lundqvist with a rebound.
4:26 of 3rd period - Snap shot by Mike Cammalleri.
4:26 of 3rd period - Stopped by Brent Krahn without a rebound.
4:27 of 3rd period - Stephen Weiss wins face-off versus Bobby Butler in Canucks zone.
4:53 of 3rd period - Minor Penalty to Matt Greene for Roughing.
4:54 of 3rd period - Milan Lucic wins face-off versus Nikolai Zherdev in Rangers zone.
5:09 of 3rd period - Snap shot by Nikolai Zherdev.
5:09 of 3rd period - Stopped by Henrik Lundqvist with a rebound.
5:11 of 3rd period - Snap shot by Nikolai Zherdev.
5:11 of 3rd period - Stopped by Henrik Lundqvist without a rebound.
5:11 of 3rd period - Minor Penalty to Henrik Lundqvist for Slashing.
5:12 of 3rd period - Valtteri Filppula wins face-off versus Maxim Afinogenov in Rangers zone.
5:17 of 3rd period - Slapshot by Alex Goligoski.
5:17 of 3rd period - Shot Misses the Net.
5:19 of 3rd period - Slapshot by Alex Goligoski.
5:19 of 3rd period - Deflect By Maxim Afinogenov.
5:19 of 3rd period - Stopped by Henrik Lundqvist without a rebound.
5:20 of 3rd period - Nikolai Zherdev wins face-off versus Valtteri Filppula in Rangers zone.
5:21 of 3rd period - Slapshot by Alex Goligoski.
5:21 of 3rd period - Deflect By Mark Fistric.
5:21 of 3rd period - Stopped by Henrik Lundqvist without a rebound.
5:22 of 3rd period - Maxim Afinogenov wins face-off versus Valtteri Filppula in Rangers zone.
5:37 of 3rd period - Snap shot by Maxim Afinogenov.
5:37 of 3rd period - Stopped by Henrik Lundqvist with a rebound.
5:39 of 3rd period - Snap shot by Maxim Afinogenov.
5:39 of 3rd period - Goal by Maxim Afinogenov - Rangers : 2 - Canucks : 4.
5:40 of 3rd period - Jiri Hudler wins face-off versus Valtteri Filppula in neutral zone.
7:11 of 3rd period - Penalty to Milan Lucic is over, Milan Lucic is back on ice.
7:47 of 3rd period - Minor Penalty to Alex Tanguay for Hooking.
7:48 of 3rd period - Patrice Bergeron wins face-off versus Maxim Afinogenov in Canucks zone.
8:00 of 3rd period - Ben Lovejoy is hit by Milan Lucic and loses puck.
8:19 of 3rd period - Maxim Afinogenov is hit by James Neal and loses puck.
8:30 of 3rd period - Ryan Parent is hit by Patrice Bergeron and loses puck.
9:06 of 3rd period - Matt Stajan is hit by Darren Reid and loses puck.
9:47 of 3rd period - Penalty to Alex Tanguay is over, Alex Tanguay is back on ice.
10:05 of 3rd period - Icing by Ryan Parent.
10:06 of 3rd period - Valtteri Filppula wins face-off versus Martin St. Louis in Canucks zone.
10:09 of 3rd period - Wrist shot by Chris Bourque.
10:09 of 3rd period - Shot Misses the Net.
10:11 of 3rd period - Slapshot by Ryan Suter.
10:11 of 3rd period - Stopped by Brent Krahn with a rebound.
10:13 of 3rd period - Slapshot by Nathan Gerbe.
10:13 of 3rd period - Shot Misses the Net.
10:15 of 3rd period - Snap shot by Valtteri Filppula.
10:15 of 3rd period - Stopped by Brent Krahn with a rebound.
10:17 of 3rd period - Snap shot by Nathan Gerbe.
10:17 of 3rd period - Shot Blocked by Jiri Hudler.
10:29 of 3rd period - Snap shot by James Neal.
10:29 of 3rd period - Stopped by Brent Krahn without a rebound.
10:30 of 3rd period - Patrice Bergeron wins face-off versus Maxim Lapierre in Canucks zone.
10:31 of 3rd period - Slapshot by Milan Lucic.
10:31 of 3rd period - Stopped by Brent Krahn without a rebound.
10:32 of 3rd period - Maxim Lapierre wins face-off versus Patrice Bergeron in Canucks zone.
10:56 of 3rd period - Brendon Nash is hit by Patrice Bergeron and loses puck.
11:09 of 3rd period - Wrist shot by Milan Lucic.
11:09 of 3rd period - Shot Misses the Net.
11:11 of 3rd period - Snap shot by Milan Lucic.
11:11 of 3rd period - Deflect By James Neal.
11:11 of 3rd period - Shot Misses the Net.
11:11 of 3rd period - Puck is out of play.
11:12 of 3rd period - Stephen Weiss wins face-off versus Maxim Lapierre in Canucks zone.
11:51 of 3rd period - Icing by Maxim Afinogenov.
11:52 of 3rd period - Mike Ribeiro wins face-off versus Patrice Bergeron in Canucks zone.
12:15 of 3rd period - Snap shot by Mike Ribeiro.
12:15 of 3rd period - Shot Blocked by Ryan Suter.
12:38 of 3rd period - Wrist shot by Clarke MacArthur.
12:38 of 3rd period - Shot Hit the Post.
12:40 of 3rd period - Snap shot by Ryan Parent.
12:40 of 3rd period - Stopped by Henrik Lundqvist without a rebound.
12:41 of 3rd period - Stephen Weiss wins face-off versus Bobby Butler in Rangers zone.
13:08 of 3rd period - Wrist shot by Martin St. Louis.
13:08 of 3rd period - Stopped by Henrik Lundqvist without a rebound.
13:09 of 3rd period - Matt Read wins face-off versus Martin St. Louis in Rangers zone.
13:16 of 3rd period - Slapshot by Matt Greene.
13:16 of 3rd period - Stopped by Brent Krahn with a rebound.
13:36 of 3rd period - Brendon Nash is hit by James Neal and loses puck.
14:01 of 3rd period - Mike Cammalleri is hit by Nikolai Zherdev and loses puck.
14:22 of 3rd period - Backhand shot by Chris Bourque.
14:22 of 3rd period - Stopped by Brent Krahn with a rebound.
14:38 of 3rd period - Slapshot by Staffan Kronwall.
14:38 of 3rd period - Stopped by Brent Krahn with a rebound.
14:40 of 3rd period - Slapshot by Bryan Young.
14:40 of 3rd period - Stopped by Brent Krahn with a rebound.
14:42 of 3rd period - Wrist shot by Darren Reid.
14:42 of 3rd period - Stopped by Brent Krahn with a rebound.
14:44 of 3rd period - Slapshot by Staffan Kronwall.
14:44 of 3rd period - Deflect By Matt Read.
14:44 of 3rd period - Shot Misses the Net.
14:44 of 3rd period - Puck is out of play.
14:45 of 3rd period - Matt Stajan wins face-off versus Artem Anisimov in Canucks zone.
14:45 of 3rd period - Matt Stajan is hit by Mark Fistric.
15:11 of 3rd period - Maxim Afinogenov is hit by James Neal and loses puck.
15:40 of 3rd period - Snap shot by Jakob Silfverberg.
15:40 of 3rd period - Shot Misses the Net.
15:42 of 3rd period - Snap shot by Jakob Silfverberg.
15:42 of 3rd period - Stopped by Brent Krahn without a rebound.
15:43 of 3rd period - Mike Ribeiro wins face-off versus Darren Reid in Canucks zone.
15:43 of 3rd period - Mike Ribeiro is hit by Matt Read.
16:31 of 3rd period - Snap shot by Jakob Silfverberg.
16:31 of 3rd period - Stopped by Brent Krahn with a rebound.
17:01 of 3rd period - Slapshot by Nathan Gerbe.
17:01 of 3rd period - Stopped by Brent Krahn without a rebound.
17:02 of 3rd period - Mike Ribeiro wins face-off versus Artem Anisimov in Canucks zone.
17:04 of 3rd period - Icing by Clarke MacArthur.
17:05 of 3rd period - Artem Anisimov wins face-off versus Mike Ribeiro in Canucks zone.
17:06 of 3rd period - Snap shot by Darren Reid.
17:06 of 3rd period - Shot Misses the Net.
17:08 of 3rd period - Wrist shot by Cam Barker.
17:08 of 3rd period - Stopped by Brent Krahn with a rebound.
17:10 of 3rd period - Snap shot by Darren Reid.
17:10 of 3rd period - Stopped by Brent Krahn with a rebound.
17:18 of 3rd period - Snap shot by Artem Anisimov.
17:18 of 3rd period - Shot Blocked by Sami Lepisto.
17:56 of 3rd period - James Neal is hit by Nick Pryor and loses puck.
18:04 of 3rd period - Minor Penalty to James Neal for Hooking.
18:05 of 3rd period - Maxim Afinogenov wins face-off versus Milan Lucic in Rangers zone.
18:11 of 3rd period - Wrist shot by Maxim Afinogenov.
18:11 of 3rd period - Shot Misses the Net.
18:45 of 3rd period - Off-side.
18:46 of 3rd period - Stephen Weiss wins face-off versus Maxim Afinogenov in neutral zone.
18:51 of 3rd period - Snap shot by Stephen Weiss.
18:51 of 3rd period - Shot Misses the Net.
Goals for this period are 0 for Rangers vs 1 for Canucks.
Shots for this period are 19 for Rangers vs 12 for Canucks.
Back to the Top